[ AOE2 MATCH · #483334429 ]
UnrankedKoreans vs Italians
[ REPLAY ANALYSIS · EXTRACTED FROM THE RECORDED GAME ]
Feudal
13:09
Castle
20:56
Imperial
—
| APM avg | 23.7 |
| APM peak | 41 |
| eAPM avg | 13.8 |
| Villagers / military | 49 / 22 |
Focus
⚔️ 23.4% · 🌾 76.6%
Fishing Ship ×17 · War Wagon ×9 · Fire Lancer ×5 · Archer ×4 · Skirmisher ×3 · Iron Pagoda ×1
Feudal
13:38
Castle
21:45
Imperial
—
| APM avg | 28.3 |
| APM peak | 72 |
| eAPM avg | 17.7 |
| Villagers / military | 98 / 34 |
Focus
⚔️ 20.3% · 🌾 79.7%
Galley ×23 · Fishing Ship ×18 · Longboat ×11
Feudal
14:02
Castle
—
Imperial
—
| APM avg | 44.7 |
| APM peak | 80 |
| eAPM avg | 19.6 |
| Villagers / military | 71 / 42 |
Focus
⚔️ 26.2% · 🌾 73.8%
Archer ×37 · Fishing Ship ×6 · Spearman ×3 · Fire Galley ×2
Feudal
15:34
Castle
20:52
Imperial
—
| APM avg | 22.8 |
| APM peak | 63 |
| eAPM avg | 12.3 |
| Villagers / military | 54 / 39 |
Focus
⚔️ 27.8% · 🌾 72.2%
Knight ×19 · Fishing Ship ×12 · Spearman ×10 · Scout Cavalry ×9 · Battering Ram ×1
Feudal
13:22
Castle
19:44
Imperial
—
| APM avg | 40.6 |
| APM peak | 83 |
| eAPM avg | 19.4 |
| Villagers / military | 84 / 32 |
Focus
⚔️ 20.6% · 🌾 79.4%
Knight ×27 · Fishing Ship ×6 · Battering Ram ×2 · Scout Cavalry ×2 · Camel Scout ×1
Feudal
13:26
Castle
17:42
Imperial
—
| APM avg | 45.1 |
| APM peak | 94 |
| eAPM avg | 24.0 |
| Villagers / military | 55 / 19 |
Focus
⚔️ 14.8% · 🌾 85.2%
Konnik ×12 · Fishing Ship ×7 · Mangonel ×2 · Scorpion ×2 · Battering Ram ×2 · Militia ×1
Match map
Initial resources + every placement click. Lines = walls · curves = elevation contours. ◆ gold · ⬟ stone · ● berries · ✦ relic · ◌ wall gap
Your base· Open — 10t gap
All Conquistadors Are BSTRD's base· Open — unwalled flank
riverzlc's base· Open — unwalled flank
SLYFIERRO's base· Open — unwalled flank
xylrtmy's base· Open — 15t gap
liboruc112's base· Open — 13t gap
Smoothed initial terrain · ◌ = detected wall gap · hover for details
Inputs per minute
— FLOPO - - All Conquistadors Are BSTRD
Build order — FLOPO
145 actions detected in the replay
| 0:28 | Build | Town Center |
| 1:43 | Build | House |
| 2:30 | Build | Dock |
| 2:58 | Create | Villager (Male) |
| 2:59 | Create | Villager (Male) |
| 2:59 | Create | Villager (Male) |
| 2:59 | Create | Villager (Male) |
| 2:59 | Create | Villager (Male) |
| 3:54 | Create | Fishing Ship |
| 3:54 | Create | Fishing Ship |
| 4:42 | Research | Loom |
| 4:48 | Create | Villager (Male) |
| 5:09 | Build | House |
| 5:19 | Build | Palisade Wall |
| 5:25 | Create | Villager (Male) |
| 5:37 | Create | Villager (Male) |
| 6:11 | Create | Villager (Male) |
| 6:11 | Create | Villager (Male) |
| 6:50 | Create | Villager (Male) |
| 6:55 | Create | Fishing Ship |
| 7:05 | Build | House |
| 7:09 | Create | Villager (Male) |
| 7:09 | Create | Villager (Male) |
| 7:36 | Create | Villager (Male) |
| 7:44 | Build | House |
| 8:05 | Create | Fishing Ship |
| 8:22 | Create | Villager (Male) |
| 8:36 | Create | Villager (Male) |
| 8:51 | Build | Mill |
| 8:59 | Create | Villager (Male) |
| 9:36 | Create | Fishing Ship |
| 9:40 | Create | Villager (Male) |
| 10:08 | Create | Villager (Male) |
| 10:17 | Create | Fishing Ship |
| 10:30 | Build | Farm |
| 10:33 | Build | Farm |
| 10:43 | Create | Villager (Male) |
| 10:59 | Research | Feudal Age |
| 11:22 | Build | Palisade Wall |
| 11:33 | Build | Barracks |
| 12:15 | Create | Fishing Ship |
| 12:20 | Build | House |
| 12:35 | Create | Villager (Male) |
| 12:35 | Create | Villager (Male) |
| 12:40 | Build | House |
| 12:58 | Build | Outpost |
| 13:09 | Age | Feudal Age |
| 13:16 | Build | Watch Tower |
| 13:24 | Create | Villager (Male) |
| 13:33 | Create | Villager (Male) |
| 13:43 | Build | Archery Range |
| 13:55 | Create | Villager (Male) |
| 14:29 | Build | Watch Tower |
| 14:31 | Create | Villager (Male) |
| 14:47 | Create | Villager (Male) |
| 15:05 | Build | House |
| 15:07 | Build | House |
| 15:09 | Create | Archer |
| 15:09 | Create | Archer |
| 15:21 | Build | Palisade Wall |
| 15:23 | Build | Palisade Wall |
| 15:25 | Build | Palisade Wall |
| 15:26 | Build | Palisade Wall |
| 15:52 | Create | Villager (Male) |
| 16:09 | Build | Palisade Wall |
| 16:11 | Build | Palisade Wall |
| 16:12 | Build | Palisade Wall |
| 16:13 | Build | Palisade Wall |
| 16:14 | Build | Palisade Wall |
| 16:30 | Build | Market |
| 16:33 | Create | Villager (Male) |
| 16:33 | Create | Villager (Male) |
| 17:12 | Build | Mining Camp |
| 17:26 | Create | Villager (Male) |
| 18:16 | Research | Castle Age |
| 18:46 | Build | Stone Wall |
| 18:53 | Create | Archer |
| 18:53 | Create | Archer |
| 19:08 | Create | Villager (Male) |
| 19:33 | Create | Skirmisher |
| 19:52 | Build | Lumber Camp |
| 20:13 | Create | Villager (Male) |
| 20:13 | Create | Villager (Male) |
| 20:56 | Age | Castle Age |
| 20:58 | Build | Castle |
| 21:04 | Create | Villager (Male) |
| 21:07 | Create | Skirmisher |
| 21:07 | Create | Skirmisher |
| 21:18 | Create | Fire Lancer |
| 21:18 | Create | Fire Lancer |
| 21:18 | Create | Fire Lancer |
| 22:10 | Create | Villager (Male) |
| 22:15 | Create | Fishing Ship |
| 22:34 | Create | Fire Lancer |
| 22:34 | Create | Fire Lancer |
| 22:48 | Build | Farm |
| 22:51 | Build | Farm |
| 23:12 | Create | Villager (Male) |
| 23:16 | Create | War Wagon |
| 23:16 | Create | War Wagon |
| 23:35 | Create | Villager (Male) |
| 23:46 | Research | Double-Bit Axe |
| 24:17 | Build | Lumber Camp |
| 24:25 | Build | Blacksmith |
| 24:44 | Create | War Wagon |
| 25:03 | Build | House |
| 25:27 | Build | Siege Workshop |
| 25:39 | Build | Watch Tower |
| 25:46 | Create | Villager (Male) |
| 25:46 | Create | Villager (Male) |
| 25:46 | Create | Villager (Male) |
| 25:55 | Create | Fishing Ship |
| 25:56 | Create | Fishing Ship |
| 26:39 | Create | Iron Pagoda |
| 26:47 | Create | War Wagon |
| 26:47 | Create | War Wagon |
| 27:00 | Build | Farm |
| 27:06 | Build | Watch Tower |
| 27:12 | Research | Fletching |
| 27:16 | Create | Fishing Ship |
| 27:16 | Create | Fishing Ship |
| 27:58 | Build | Town Center |
| 28:15 | Create | War Wagon |
| 28:15 | Create | War Wagon |
| 28:19 | Build | House |
| 28:20 | Build | House |
| 28:45 | Create | War Wagon |
| 29:15 | Create | Fishing Ship |
| 29:15 | Create | Fishing Ship |
| 29:44 | Create | Villager (Male) |
| 29:44 | Create | Villager (Male) |
| 29:44 | Create | Villager (Male) |
| 29:45 | Create | Villager (Male) |
| 29:45 | Create | Villager (Male) |
| 29:55 | Create | Villager (Male) |
| 29:59 | Build | House |
| 30:00 | Build | House |
| 30:02 | Create | War Wagon |
| 30:23 | Create | Villager (Male) |
| 30:28 | Build | Town Center |
| 30:34 | Create | Fishing Ship |
| 30:35 | Create | Fishing Ship |
| 31:00 | Create | Villager (Male) |
| 31:08 | Build | Dock |
| 31:15 | Create | Fishing Ship |
Build order — All Conquistadors Are BSTRD
First 150 of 203 actions detected
| 0:37 | Build | Town Center |
| 1:46 | Build | Dock |
| 1:49 | Build | House |
| 2:44 | Create | Villager (Male) |
| 2:45 | Create | Villager (Male) |
| 2:45 | Create | Villager (Male) |
| 2:45 | Create | Villager (Male) |
| 3:34 | Create | Fishing Ship |
| 4:09 | Build | House |
| 4:34 | Research | Loom |
| 4:56 | Create | Villager (Male) |
| 4:56 | Create | Villager (Male) |
| 4:57 | Create | Villager (Male) |
| 5:04 | Create | Fishing Ship |
| 5:04 | Create | Fishing Ship |
| 5:36 | Create | Villager (Male) |
| 5:36 | Create | Villager (Male) |
| 5:36 | Create | Villager (Male) |
| 5:51 | Create | Fishing Ship |
| 5:52 | Create | Fishing Ship |
| 6:06 | Create | Villager (Male) |
| 6:06 | Create | Villager (Male) |
| 6:06 | Create | Villager (Male) |
| 6:16 | Build | House |
| 6:35 | Create | Villager (Male) |
| 6:35 | Create | Villager (Male) |
| 6:41 | Create | Fishing Ship |
| 6:41 | Create | Fishing Ship |
| 6:59 | Create | Villager (Male) |
| 6:59 | Create | Villager (Male) |
| 7:08 | Build | House |
| 7:17 | Create | Fishing Ship |
| 7:17 | Create | Fishing Ship |
| 7:39 | Create | Villager (Male) |
| 8:00 | Create | Villager (Male) |
| 8:10 | Build | Mill |
| 8:22 | Create | Villager (Male) |
| 8:45 | Build | House |
| 9:01 | Create | Villager (Male) |
| 9:01 | Create | Villager (Male) |
| 9:48 | Create | Villager (Male) |
| 9:58 | Build | Dock |
| 10:26 | Create | Villager (Male) |
| 10:48 | Build | House |
| 10:54 | Create | Villager (Male) |
| 11:28 | Research | Feudal Age |
| 11:29 | Research | Feudal Age |
| 11:29 | Research | Feudal Age |
| 12:00 | Build | Dock |
| 12:22 | Build | House |
| 12:25 | Build | House |
| 12:31 | Build | Palisade Wall |
| 12:32 | Build | Palisade Wall |
| 12:39 | Build | Palisade Wall |
| 12:55 | Create | Villager (Male) |
| 13:38 | Age | Feudal Age |
| 13:43 | Create | Galley ×5 |
| 13:44 | Create | Galley ×5 |
| 13:58 | Build | Blacksmith |
| 14:04 | Create | Villager (Male) |
| 14:18 | Create | Galley |
| 14:18 | Create | Galley |
| 14:29 | Create | Villager (Male) |
| 14:32 | Create | Galley |
| 14:32 | Create | Galley |
| 14:54 | Create | Villager (Male) |
| 14:56 | Research | Fletching |
| 15:16 | Create | Galley |
| 15:16 | Create | Galley |
| 15:56 | Create | Villager (Male) |
| 15:56 | Create | Villager (Male) |
| 15:59 | Build | Lumber Camp |
| 16:04 | Create | Villager (Male) |
| 16:07 | Create | Villager (Male) |
| 16:07 | Create | Villager (Male) |
| 16:26 | Create | Galley ×3 |
| 16:27 | Create | Galley ×3 |
| 16:34 | Create | Villager (Male) |
| 16:46 | Build | House |
| 16:53 | Create | Villager (Male) |
| 17:53 | Create | Villager (Male) |
| 18:10 | Build | Market |
| 19:05 | Research | Castle Age |
| 19:05 | Research | Castle Age |
| 19:46 | Build | Watch Tower |
| 19:51 | Build | House |
| 20:06 | Research | Tech 906 |
| 20:07 | Create | Fishing Ship ×5 |
| 21:45 | Age | Castle Age |
| 21:52 | Build | House |
| 21:55 | Build | House |
| 21:58 | Build | House |
| 22:14 | Build | Town Center |
| 22:27 | Build | Town Center |
| 22:31 | Create | Villager (Male) |
| 22:34 | Create | Villager (Male) |
| 22:34 | Create | Villager (Male) |
| 22:34 | Create | Villager (Male) |
| 22:58 | Research | Gillnets |
| 22:59 | Create | Galley |
| 23:01 | Create | Villager (Male) |
| 23:05 | Build | House |
| 23:08 | Research | Town Watch |
| 23:12 | Research | Double-Bit Axe |
| 23:15 | Create | Villager (Male) |
| 23:15 | Create | Villager (Male) |
| 23:18 | Build | House |
| 23:19 | Build | House |
| 23:26 | Create | Villager (Male) |
| 23:41 | Create | Villager (Male) |
| 23:42 | Create | Villager (Male) |
| 23:42 | Create | Villager (Male) |
| 23:42 | Create | Villager (Male) |
| 23:51 | Research | War Galley (upgrade) |
| 24:11 | Research | Horse Collar |
| 24:31 | Create | Villager (Male) |
| 24:32 | Create | Villager (Male) |
| 24:39 | Build | Farm |
| 24:40 | Build | Farm |
| 24:40 | Build | Farm |
| 24:40 | Build | Farm |
| 24:40 | Build | Farm |
| 24:41 | Build | Farm |
| 24:41 | Build | Farm |
| 24:41 | Build | Farm |
| 24:43 | Create | Villager (Male) |
| 24:52 | Research | Bodkin Arrow |
| 25:13 | Create | Villager (Male) |
| 25:14 | Create | Villager (Male) |
| 25:14 | Create | Villager (Male) |
| 25:14 | Create | Villager (Male) |
| 25:17 | Build | Farm |
| 25:17 | Build | Farm |
| 25:17 | Build | Farm |
| 25:23 | Build | Lumber Camp |
| 25:29 | Create | Longboat |
| 25:29 | Create | Longboat |
| 25:30 | Create | Longboat |
| 25:42 | Create | Villager (Male) |
| 25:46 | Create | Villager (Male) |
| 25:46 | Create | Villager (Male) |
| 25:46 | Create | Villager (Male) |
| 25:47 | Create | Villager (Male) |
| 25:54 | Create | Longboat |
| 25:55 | Create | Longboat |
| 26:02 | Create | Villager (Male) |
| 26:10 | Create | Longboat ×2 |
| 26:10 | Create | Longboat ×2 |
| 26:10 | Create | Longboat ×2 |
| 26:43 | Create | Villager (Male) |
Build order — riverzlc
First 150 of 198 actions detected
| 0:45 | Build | Town Center |
| 0:53 | Build | Dock |
| 0:59 | Build | House |
| 2:57 | Create | Villager (Male) |
| 2:57 | Create | Villager (Male) |
| 2:57 | Create | Villager (Male) |
| 2:58 | Create | Villager (Male) |
| 2:58 | Create | Villager (Male) |
| 3:56 | Create | Villager (Male) |
| 3:56 | Create | Villager (Male) |
| 4:01 | Create | Fishing Ship |
| 5:01 | Create | Villager (Male) |
| 5:01 | Create | Villager (Male) |
| 5:05 | Build | House |
| 5:26 | Create | Villager (Male) |
| 5:27 | Create | Villager (Male) |
| 5:39 | Create | Fishing Ship |
| 5:56 | Create | Villager (Male) |
| 5:56 | Create | Villager (Male) |
| 6:14 | Create | Villager (Male) |
| 6:14 | Create | Villager (Male) |
| 6:16 | Create | Fishing Ship |
| 6:24 | Build | House |
| 6:42 | Create | Fishing Ship |
| 6:43 | Create | Villager (Male) |
| 6:43 | Create | Villager (Male) |
| 7:08 | Build | House |
| 7:12 | Create | Villager (Male) |
| 7:12 | Create | Villager (Male) |
| 7:26 | Create | Fishing Ship |
| 7:33 | Create | Villager (Male) |
| 7:33 | Create | Villager (Male) |
| 7:43 | Build | Mill |
| 7:57 | Create | Villager (Male) |
| 7:57 | Create | Villager (Male) |
| 8:21 | Create | Villager (Male) |
| 8:21 | Create | Villager (Male) |
| 8:24 | Create | Fishing Ship |
| 8:46 | Create | Villager (Male) |
| 8:47 | Create | Villager (Male) |
| 9:13 | Create | Villager (Male) |
| 9:14 | Create | Villager (Male) |
| 9:21 | Build | Mill |
| 9:32 | Build | House |
| 9:44 | Create | Villager (Male) |
| 9:51 | Build | House |
| 10:04 | Create | Villager (Male) |
| 10:13 | Build | Lumber Camp |
| 10:16 | Create | Villager (Male) |
| 10:54 | Create | Villager (Male) |
| 11:26 | Create | Villager (Male) |
| 11:32 | Research | Feudal Age |
| 11:32 | Research | Feudal Age |
| 11:58 | Build | Barracks |
| 12:11 | Create | Villager (Male) |
| 12:13 | Create | Villager (Male) |
| 12:43 | Create | Villager (Male) |
| 12:55 | Build | House |
| 12:56 | Build | House |
| 14:02 | Age | Feudal Age |
| 14:06 | Build | Archery Range |
| 14:08 | Build | Archery Range |
| 14:11 | Create | Villager (Male) |
| 14:15 | Research | Double-Bit Axe |
| 14:15 | Research | Double-Bit Axe |
| 14:22 | Build | Mining Camp |
| 14:32 | Research | Tech 906 |
| 14:41 | Build | Blacksmith |
| 14:57 | Build | House |
| 15:07 | Build | House |
| 15:14 | Create | Archer |
| 15:14 | Create | Archer |
| 15:19 | Create | Villager (Male) |
| 15:26 | Create | Spearman |
| 15:33 | Create | Villager (Male) |
| 16:02 | Build | Mill |
| 16:04 | Create | Villager (Male) |
| 16:10 | Research | Horse Collar |
| 16:33 | Create | Archer |
| 16:33 | Create | Archer |
| 16:38 | Create | Villager (Male) |
| 16:54 | Build | Lumber Camp |
| 17:02 | Research | Loom |
| 17:02 | Research | Loom |
| 17:10 | Research | Gold Mining |
| 17:10 | Research | Gold Mining |
| 17:11 | Create | Villager (Male) |
| 17:40 | Create | Villager (Male) |
| 17:46 | Create | Fire Galley |
| 17:46 | Create | Fire Galley |
| 17:49 | Create | Villager (Male) |
| 17:52 | Create | Archer |
| 17:53 | Create | Archer |
| 18:07 | Build | Farm |
| 18:08 | Build | Farm |
| 18:15 | Build | Farm |
| 18:16 | Build | Farm |
| 18:17 | Build | Farm |
| 18:18 | Create | Villager (Male) |
| 18:22 | Create | Archer |
| 18:22 | Create | Archer |
| 18:58 | Create | Archer |
| 18:58 | Create | Archer |
| 18:59 | Create | Villager (Male) |
| 19:30 | Create | Villager (Male) |
| 19:31 | Create | Archer |
| 19:31 | Create | Archer |
| 20:09 | Create | Villager (Male) |
| 20:10 | Research | Fletching |
| 20:30 | Create | Villager (Male) |
| 20:31 | Create | Villager (Male) |
| 20:56 | Build | Mining Camp |
| 21:03 | Create | Villager (Male) |
| 21:28 | Create | Villager (Male) |
| 21:52 | Create | Villager (Male) |
| 21:54 | Create | Villager (Male) |
| 22:09 | Create | Villager (Male) |
| 22:54 | Create | Villager (Male) |
| 23:06 | Create | Villager (Male) |
| 23:14 | Build | Farm |
| 23:15 | Build | Farm |
| 23:16 | Build | Farm |
| 23:18 | Build | Farm |
| 23:18 | Build | Farm |
| 23:19 | Build | Mill |
| 23:23 | Create | Archer |
| 23:23 | Create | Archer |
| 23:24 | Create | Archer |
| 23:28 | Create | Archer |
| 24:14 | Build | Watch Tower |
| 24:20 | Build | Watch Tower |
| 24:24 | Create | Archer |
| 24:24 | Create | Archer |
| 24:24 | Create | Archer |
| 24:28 | Create | Villager (Male) |
| 24:29 | Create | Villager (Male) |
| 24:34 | Create | Spearman |
| 24:35 | Create | Spearman |
| 24:59 | Build | Stone Wall |
| 25:00 | Build | Stone Wall |
| 25:04 | Build | Stone Wall |
| 25:48 | Create | Villager (Male) |
| 25:48 | Create | Villager (Male) |
| 25:49 | Create | Villager (Male) |
| 25:53 | Build | House |
| 25:54 | Build | House |
| 26:25 | Create | Villager (Male) |
| 26:28 | Build | Farm |
| 26:29 | Build | Farm |
| 26:29 | Build | Farm |
Build order — SLYFIERRO
First 150 of 166 actions detected
| 0:28 | Build | Town Center |
| 0:34 | Build | House |
| 1:16 | Build | Dock |
| 2:56 | Create | Villager (Male) ×4 |
| 4:30 | Create | Villager (Male) ×2 |
| 4:41 | Build | House |
| 4:52 | Research | Loom |
| 5:17 | Create | Villager (Male) |
| 5:45 | Create | Villager (Male) |
| 5:46 | Create | Fishing Ship |
| 6:26 | Create | Villager (Male) |
| 6:53 | Build | House |
| 6:57 | Create | Villager (Male) |
| 7:26 | Create | Fishing Ship |
| 7:33 | Create | Villager (Male) |
| 7:34 | Create | Villager (Male) |
| 7:34 | Create | Villager (Male) |
| 8:24 | Create | Villager (Male) |
| 8:35 | Create | Villager (Male) |
| 8:36 | Create | Fishing Ship |
| 8:44 | Build | House |
| 8:57 | Create | Fishing Ship |
| 9:18 | Create | Villager (Male) |
| 9:18 | Create | Villager (Male) |
| 9:47 | Create | Villager (Male) |
| 10:08 | Create | Fishing Ship |
| 10:16 | Build | Dock |
| 10:22 | Create | Villager (Male) |
| 10:40 | Build | House |
| 11:10 | Build | House |
| 11:14 | Create | Fishing Ship |
| 11:15 | Create | Fishing Ship |
| 11:31 | Create | Villager (Male) |
| 11:31 | Create | Villager (Male) |
| 11:46 | Build | House |
| 12:16 | Build | House |
| 12:18 | Create | Fishing Ship |
| 12:18 | Create | Fishing Ship |
| 12:22 | Create | Villager (Male) |
| 12:35 | Build | Lumber Camp |
| 12:57 | Create | Villager (Male) |
| 13:01 | Create | Fishing Ship |
| 13:24 | Research | Feudal Age |
| 13:25 | Research | Feudal Age |
| 14:12 | Create | Fishing Ship |
| 14:13 | Create | Fishing Ship |
| 14:58 | Build | Barracks |
| 15:34 | Age | Feudal Age |
| 15:38 | Create | Villager (Male) |
| 15:38 | Create | Villager (Male) |
| 15:39 | Research | Double-Bit Axe |
| 15:39 | Research | Double-Bit Axe |
| 15:53 | Build | Stable |
| 15:57 | Create | Spearman |
| 15:57 | Create | Spearman |
| 16:22 | Create | Villager (Male) |
| 16:22 | Create | Villager (Male) |
| 16:33 | Build | Mill |
| 16:48 | Build | Blacksmith |
| 16:53 | Create | Scout Cavalry |
| 16:53 | Create | Scout Cavalry |
| 17:02 | Build | Gate |
| 17:13 | Build | Stone Wall |
| 17:18 | Build | Stone Wall |
| 17:22 | Create | Villager (Male) |
| 17:22 | Create | Villager (Male) |
| 17:24 | Create | Scout Cavalry |
| 17:24 | Create | Scout Cavalry |
| 17:42 | Build | House |
| 17:44 | Build | House |
| 17:50 | Research | Scale Barding Armor |
| 17:50 | Research | Scale Barding Armor |
| 17:57 | Build | House |
| 18:12 | Research | Castle Age |
| 18:12 | Research | Castle Age |
| 18:25 | Build | Mining Camp |
| 18:46 | Build | House |
| 18:47 | Build | House |
| 18:49 | Build | House |
| 19:20 | Build | Dock |
| 19:35 | Build | Stone Wall |
| 19:45 | Create | Scout Cavalry |
| 19:50 | Research | Forging |
| 19:50 | Research | Forging |
| 20:07 | Create | Villager (Male) |
| 20:08 | Create | Villager (Male) |
| 20:11 | Research | Stone Mining |
| 20:11 | Research | Stone Mining |
| 20:17 | Create | Scout Cavalry |
| 20:38 | Build | Gate |
| 20:52 | Age | Castle Age |
| 21:06 | Create | Knight |
| 21:06 | Create | Knight |
| 21:38 | Create | Villager (Male) |
| 21:41 | Create | Villager (Male) |
| 21:47 | Create | Knight |
| 22:02 | Create | Villager (Male) |
| 22:42 | Create | Spearman |
| 22:54 | Build | Castle |
| 23:07 | Create | Spearman |
| 23:07 | Create | Spearman |
| 23:12 | Create | Knight |
| 23:12 | Create | Knight |
| 23:14 | Create | Villager (Male) ×5 |
| 23:25 | Build | Mining Camp |
| 23:35 | Create | Spearman |
| 23:43 | Research | Fletching |
| 24:08 | Build | Stable |
| 24:15 | Create | Scout Cavalry |
| 24:36 | Create | Knight |
| 24:36 | Create | Knight |
| 24:44 | Build | Siege Workshop |
| 24:53 | Research | Husbandry |
| 24:56 | Create | Villager (Male) ×5 |
| 24:58 | Research | Gold Mining |
| 25:05 | Build | House |
| 25:24 | Create | Battering Ram |
| 26:16 | Create | Scout Cavalry |
| 26:16 | Create | Scout Cavalry |
| 26:19 | Create | Villager (Male) |
| 26:19 | Create | Villager (Male) |
| 26:26 | Build | Town Center |
| 26:42 | Build | Farm |
| 26:43 | Build | Farm |
| 26:44 | Build | Farm |
| 26:51 | Build | Farm |
| 26:56 | Create | Knight |
| 26:56 | Create | Knight |
| 27:16 | Research | Gold Shaft Mining |
| 27:16 | Research | Gold Shaft Mining |
| 27:25 | Build | Farm |
| 27:26 | Build | Farm |
| 27:27 | Build | Farm |
| 27:30 | Build | Farm |
| 27:32 | Research | Bow Saw |
| 27:32 | Research | Bow Saw |
| 27:36 | Create | Knight |
| 27:36 | Create | Knight |
| 28:04 | Create | Villager (Male) |
| 28:04 | Create | Villager (Male) |
| 28:36 | Create | Knight |
| 28:36 | Create | Knight |
| 28:47 | Build | Stone Wall |
| 28:50 | Create | Villager (Male) |
| 28:51 | Create | Villager (Male) |
| 29:08 | Create | Villager (Male) |
| 29:09 | Create | Villager (Male) |
| 29:11 | Create | Knight |
| 29:11 | Create | Knight |
| 29:22 | Build | Gate |
Build order — xylrtmy
First 150 of 221 actions detected
| 0:15 | Build | Town Center |
| 0:33 | Build | Dock |
| 0:34 | Build | House |
| 2:34 | Create | Villager (Male) |
| 2:34 | Create | Villager (Male) |
| 2:35 | Create | Villager (Male) |
| 2:36 | Create | Villager (Male) |
| 2:36 | Create | Villager (Male) |
| 2:58 | Create | Fishing Ship |
| 3:42 | Create | Villager (Male) |
| 4:03 | Build | House |
| 4:31 | Create | Villager (Male) |
| 4:41 | Create | Villager (Male) |
| 4:41 | Create | Villager (Male) |
| 4:42 | Create | Villager (Male) |
| 5:14 | Create | Villager (Male) |
| 5:14 | Create | Villager (Male) |
| 5:14 | Create | Villager (Male) |
| 5:19 | Create | Fishing Ship |
| 5:49 | Build | House |
| 6:01 | Build | House |
| 6:07 | Create | Villager (Male) |
| 6:08 | Create | Villager (Male) |
| 6:08 | Create | Villager (Male) |
| 6:29 | Create | Fishing Ship |
| 6:44 | Create | Villager (Male) |
| 6:46 | Build | House |
| 7:15 | Build | House |
| 7:21 | Create | Fishing Ship |
| 7:29 | Create | Villager (Male) |
| 7:49 | Create | Villager (Male) |
| 8:03 | Create | Fishing Ship |
| 8:08 | Create | Villager (Male) |
| 8:37 | Create | Villager (Male) |
| 8:57 | Build | House |
| 9:04 | Build | House |
| 9:09 | Create | Villager (Male) |
| 9:13 | Create | Fishing Ship |
| 9:23 | Build | House |
| 9:30 | Create | Villager (Male) |
| 9:46 | Create | Villager (Male) |
| 10:00 | Create | Villager (Male) |
| 10:06 | Build | Mill |
| 10:10 | Create | Villager (Male) |
| 10:34 | Create | Villager (Male) |
| 10:44 | Build | House |
| 11:06 | Research | Loom |
| 11:15 | Research | Feudal Age |
| 11:31 | Build | Barracks |
| 11:34 | Create | Villager (Male) |
| 11:47 | Create | Villager (Male) |
| 13:00 | Build | House |
| 13:22 | Age | Feudal Age |
| 13:24 | Build | Stable |
| 13:25 | Create | Villager (Male) |
| 13:42 | Build | House |
| 14:09 | Build | Blacksmith |
| 14:20 | Build | Lumber Camp |
| 14:21 | Create | Villager (Male) |
| 14:23 | Build | House |
| 14:23 | Create | Scout Cavalry |
| 14:47 | Create | Villager (Male) |
| 14:59 | Build | Palisade Gate |
| 15:02 | Build | House |
| 15:05 | Create | Villager (Male) |
| 15:10 | Research | Double-Bit Axe |
| 15:20 | Build | House |
| 15:22 | Build | Palisade Wall |
| 15:27 | Create | Villager (Male) |
| 15:37 | Build | House |
| 15:42 | Build | Palisade Wall |
| 15:43 | Create | Villager (Male) |
| 15:59 | Create | Villager (Male) |
| 16:02 | Build | House |
| 16:04 | Build | Palisade Wall |
| 16:09 | Build | Palisade Wall |
| 16:12 | Build | House |
| 16:16 | Create | Villager (Male) |
| 16:19 | Build | Palisade Wall |
| 16:19 | Build | Palisade Wall |
| 16:21 | Build | Palisade Wall |
| 16:22 | Build | Palisade Wall |
| 16:31 | Research | Horse Collar |
| 16:38 | Build | Farm |
| 16:39 | Build | Farm |
| 16:41 | Build | Farm |
| 16:42 | Build | Farm |
| 16:44 | Build | Farm |
| 16:45 | Build | Farm |
| 17:19 | Research | Castle Age |
| 18:05 | Build | Stable |
| 18:09 | Research | Scale Barding Armor |
| 18:24 | Build | Farm |
| 18:34 | Build | Mill |
| 18:56 | Create | Villager (Male) |
| 19:03 | Research | Forging |
| 19:10 | Build | Palisade Wall |
| 19:25 | Build | Farm |
| 19:39 | Research | Bloodlines |
| 19:42 | Create | Villager (Male) |
| 19:44 | Age | Castle Age |
| 19:56 | Build | Town Center |
| 19:57 | Create | Villager (Male) |
| 19:59 | Research | Loom |
| 20:04 | Create | Knight |
| 20:09 | Build | Farm |
| 20:21 | Create | Knight |
| 20:39 | Create | Knight |
| 20:45 | Build | House |
| 20:46 | Build | Palisade Wall |
| 21:00 | Create | Knight |
| 21:15 | Create | Villager (Male) |
| 21:20 | Create | Villager (Male) |
| 21:23 | Build | Farm |
| 21:25 | Build | Farm |
| 21:26 | Build | Farm |
| 21:38 | Create | Knight |
| 21:51 | Build | Town Center |
| 22:11 | Create | Villager (Male) |
| 22:12 | Create | Villager (Male) |
| 22:18 | Build | Farm |
| 22:30 | Create | Knight |
| 22:35 | Research | Husbandry |
| 22:52 | Build | Farm |
| 23:03 | Create | Knight |
| 23:28 | Create | Villager (Male) |
| 23:33 | Create | Knight |
| 23:35 | Create | Villager (Male) |
| 23:39 | Build | Mining Camp |
| 24:29 | Create | Villager (Male) |
| 24:30 | Create | Villager (Male) |
| 24:44 | Create | Villager (Male) |
| 24:47 | Build | Farm |
| 24:54 | Create | Knight |
| 24:55 | Create | Villager (Male) |
| 24:58 | Build | Farm |
| 24:59 | Build | Farm |
| 25:10 | Create | Knight |
| 25:14 | Create | Villager (Male) |
| 25:16 | Build | Farm |
| 25:17 | Build | Farm |
| 25:38 | Create | Knight |
| 25:38 | Create | Knight |
| 25:48 | Create | Villager (Male) |
| 25:49 | Build | Farm |
| 26:07 | Create | Knight |
| 26:07 | Create | Villager (Male) |
| 26:09 | Create | Villager (Male) |
| 26:13 | Build | Farm |
| 26:14 | Build | Farm |
Build order — liboruc112
128 actions detected in the replay
| 0:31 | Build | Town Center |
| 0:43 | Build | House |
| 1:17 | Build | Dock |
| 2:47 | Create | Villager (Male) |
| 2:48 | Create | Villager (Male) |
| 2:48 | Create | Villager (Male) |
| 2:49 | Create | Villager (Male) |
| 2:50 | Create | Villager (Male) |
| 4:10 | Create | Villager (Male) |
| 4:14 | Create | Fishing Ship |
| 4:53 | Build | House |
| 5:08 | Research | Loom |
| 5:21 | Create | Fishing Ship |
| 5:39 | Create | Villager (Male) |
| 5:39 | Create | Villager (Male) |
| 5:55 | Create | Villager (Male) |
| 5:55 | Create | Villager (Male) |
| 5:56 | Create | Fishing Ship |
| 6:22 | Create | Villager (Male) |
| 6:22 | Create | Villager (Male) |
| 6:42 | Build | House |
| 6:52 | Create | Fishing Ship |
| 6:55 | Create | Villager (Male) |
| 6:55 | Create | Villager (Male) |
| 7:26 | Create | Villager (Male) |
| 7:26 | Create | Villager (Male) |
| 7:33 | Create | Fishing Ship |
| 7:41 | Build | House |
| 7:46 | Create | Villager (Male) |
| 7:47 | Create | Villager (Male) |
| 8:09 | Create | Fishing Ship |
| 8:28 | Create | Villager (Male) |
| 8:41 | Create | Villager (Male) |
| 8:44 | Create | Fishing Ship |
| 9:00 | Build | House |
| 9:20 | Create | Villager (Male) |
| 9:21 | Create | Villager (Male) |
| 9:47 | Build | Mining Camp |
| 10:11 | Create | Villager (Male) |
| 10:27 | Create | Villager (Male) |
| 11:16 | Research | Feudal Age |
| 11:36 | Create | Villager (Male) |
| 11:50 | Build | Mill |
| 12:23 | Build | House |
| 12:33 | Create | Villager (Male) |
| 13:23 | Build | House |
| 13:26 | Age | Feudal Age |
| 13:40 | Build | Market |
| 13:41 | Create | Villager (Male) |
| 13:49 | Build | Blacksmith |
| 15:00 | Build | Lumber Camp |
| 15:02 | Research | Castle Age |
| 15:16 | Research | Fletching |
| 15:36 | Build | Dock |
| 16:28 | Build | Barracks |
| 17:29 | Build | Stable |
| 17:34 | Research | Double-Bit Axe |
| 17:42 | Age | Castle Age |
| 17:45 | Create | Militia |
| 18:04 | Build | Krepost |
| 18:19 | Create | Villager (Male) |
| 18:20 | Create | Villager (Male) |
| 18:36 | Create | Villager (Male) |
| 18:51 | Build | Town Center |
| 19:08 | Create | Villager (Male) |
| 19:32 | Build | Siege Workshop |
| 19:40 | Create | Villager (Male) |
| 19:50 | Create | Villager (Male) |
| 19:53 | Research | Bodkin Arrow |
| 20:13 | Create | Battering Ram |
| 20:53 | Create | Villager (Male) |
| 21:08 | Create | Konnik |
| 21:09 | Create | Konnik |
| 21:35 | Create | Villager (Male) |
| 22:11 | Build | Town Center |
| 22:20 | Create | Villager (Male) |
| 22:44 | Create | Konnik |
| 22:45 | Create | Konnik |
| 23:01 | Create | Villager (Male) |
| 23:02 | Create | Villager (Male) |
| 23:02 | Create | Villager (Male) |
| 23:12 | Create | Battering Ram |
| 23:33 | Create | Villager (Male) |
| 24:01 | Create | Villager (Male) |
| 24:07 | Create | Scorpion |
| 24:08 | Create | Scorpion |
| 24:17 | Create | Mangonel |
| 24:17 | Create | Mangonel |
| 24:38 | Create | Villager (Male) |
| 24:38 | Create | Villager (Male) |
| 25:03 | Create | Villager (Male) |
| 25:03 | Create | Villager (Male) |
| 25:09 | Create | Konnik |
| 25:10 | Create | Konnik |
| 25:28 | Create | Villager (Male) |
| 25:28 | Create | Villager (Male) |
| 25:36 | Build | Farm |
| 25:37 | Build | Farm |
| 25:37 | Build | Farm |
| 26:05 | Research | Stone Mining |
| 26:09 | Create | Villager (Male) |
| 26:09 | Create | Villager (Male) |
| 26:27 | Research | Bow Saw |
| 26:41 | Create | Villager (Male) |
| 26:41 | Create | Villager (Male) |
| 27:06 | Create | Konnik ×2 |
| 27:37 | Build | Krepost |
| 27:46 | Create | Konnik |
| 27:46 | Create | Konnik |
| 27:57 | Build | Farm |
| 27:57 | Build | Farm |
| 27:58 | Build | Farm |
| 27:58 | Build | Farm |
| 27:58 | Build | Farm |
| 27:58 | Build | Farm |
| 27:59 | Build | Farm |
| 29:12 | Build | Lumber Camp |
| 29:22 | Research | Scale Barding Armor |
| 29:31 | Create | Konnik ×2 |
| 29:34 | Research | Horse Collar |
| 29:35 | Create | Villager (Male) |
| 29:44 | Create | Villager (Male) |
| 29:45 | Create | Villager (Male) |
| 29:55 | Build | Krepost |
| 30:22 | Create | Villager (Male) |
| 30:26 | Research | Gold Mining |
| 30:53 | Build | Krepost |
| 31:19 | Build | Dock |
Match timeline
| 0:33 | xylrtmy · first_building Dock |
| 0:53 | riverzlc · first_building Dock |
| 1:16 | SLYFIERRO · first_building Dock |
| 1:17 | liboruc112 · first_building Dock |
| 1:46 | All Conquistadors Are BSTRD · first_building Dock |
| 2:30 | FLOPO · first_building Dock |
| 5:19 | FLOPO · wall_segment Palisade Wall x1 |
| 11:22 | FLOPO · wall_segment Palisade Wall x7 |
| 11:31 | xylrtmy · first_building Barracks |
| 11:33 | FLOPO · first_building Barracks |
| 11:58 | riverzlc · first_building Barracks |
| 12:31 | All Conquistadors Are BSTRD · wall_segment Palisade Wall x13 |
| 12:32 | All Conquistadors Are BSTRD · wall_segment Palisade Wall x1 |
| 12:39 | All Conquistadors Are BSTRD · wall_segment Palisade Wall x14 |
| 13:09 | FLOPO · age_up feudal |
| 13:22 | xylrtmy · age_up feudal |
| 13:24 | xylrtmy · first_building Stable |
| 13:26 | liboruc112 · age_up feudal |
| 13:38 | All Conquistadors Are BSTRD · age_up feudal |
| 13:43 | FLOPO · first_building Archery Range |
| 14:02 | riverzlc · age_up feudal |
| 14:06 | riverzlc · first_building Archery Range |
| 14:58 | SLYFIERRO · first_building Barracks |
| 15:21 | FLOPO · wall_segment Palisade Wall x3 |
| 15:22 | xylrtmy · wall_segment Palisade Wall x3 |
| 15:23 | FLOPO · wall_segment Palisade Wall x2 |
| 15:25 | FLOPO · wall_segment Palisade Wall x2 |
| 15:26 | FLOPO · wall_segment Palisade Wall x1 |
| 15:34 | SLYFIERRO · age_up feudal |
| 15:42 | xylrtmy · wall_segment Palisade Wall x1 |
| 15:53 | SLYFIERRO · first_building Stable |
| 16:04 | xylrtmy · wall_segment Palisade Wall x2 |
| 16:09 | xylrtmy · wall_segment Palisade Wall x12 |
| 16:09 | FLOPO · wall_segment Palisade Wall x2 |
| 16:11 | FLOPO · wall_segment Palisade Wall x1 |
| 16:12 | FLOPO · wall_segment Palisade Wall x1 |
| 16:13 | FLOPO · wall_segment Palisade Wall x1 |
| 16:14 | FLOPO · wall_segment Palisade Wall x1 |
| 16:19 | xylrtmy · wall_segment Palisade Wall x1 |
| 16:19 | xylrtmy · wall_segment Palisade Wall x1 |
| 16:21 | xylrtmy · wall_segment Palisade Wall x1 |
| 16:22 | xylrtmy · wall_segment Palisade Wall x1 |
| 16:28 | liboruc112 · first_building Barracks |
| 17:13 | SLYFIERRO · wall_segment Stone Wall x3 |
| 17:18 | SLYFIERRO · wall_segment Stone Wall x3 |
| 17:21 | FLOPO · first_market_sell 100 food |
| 17:29 | liboruc112 · first_building Stable |
| 17:38 | liboruc112 · first_market_sell 100 wood |
| 17:39 | liboruc112 · first_market_buy 100 stone |
| 17:42 | liboruc112 · age_up castle |
| 18:04 | liboruc112 · first_building Krepost |
| 18:46 | FLOPO · wall_segment Stone Wall x14 |
| 18:56 | All Conquistadors Are BSTRD · first_market_buy 100 food |
| 19:10 | xylrtmy · wall_segment Palisade Wall x10 |
| 19:32 | liboruc112 · first_building Siege Workshop |
| 19:35 | SLYFIERRO · wall_segment Stone Wall x6 |
| 19:44 | xylrtmy · age_up castle |
| 20:46 | xylrtmy · wall_segment Palisade Wall x1 |
| 20:52 | SLYFIERRO · age_up castle |
| 20:56 | FLOPO · age_up castle |
| 20:58 | FLOPO · first_building Castle |
| 21:45 | All Conquistadors Are BSTRD · age_up castle |
| 22:54 | SLYFIERRO · first_building Castle |
| 23:43 | FLOPO · first_market_buy 100 food |
| 24:44 | SLYFIERRO · first_building Siege Workshop |
| 24:59 | riverzlc · wall_segment Stone Wall x4 |
| 25:00 | riverzlc · wall_segment Stone Wall x5 |
| 25:04 | riverzlc · wall_segment Stone Wall x6 |
| 25:27 | FLOPO · first_building Siege Workshop |
| 26:08 | All Conquistadors Are BSTRD · first_market_sell 100 food |
| 27:11 | riverzlc · wall_segment Stone Wall x5 |
| 28:20 | xylrtmy · first_building Siege Workshop |
| 28:28 | riverzlc · wall_segment Stone Wall x1 |
| 28:33 | riverzlc · wall_segment Stone Wall x1 |
| 28:35 | riverzlc · wall_segment Stone Wall x2 |
| 28:47 | SLYFIERRO · wall_segment Stone Wall x2 |
| 28:58 | riverzlc · wall_segment Stone Wall x1 |
| 31:12 | SLYFIERRO · resign |
| 31:41 | xylrtmy · first_building Monastery |
[ AI ANALYSIS · 1 CREDIT ]
What really happened in this match?
Wolo.gg analyzes every decision: build order, eco, micro, common mistakes by bracket. Personalized analysis on WhatsApp or Discord in 30 seconds.
Civ guide
Koreans
Perfil
Jugador #19322913